AoeStats
← Blyad _Mann

MegaRandom

509134197Analyzed
4v4 RM · 6d ago on Sep 25, 2026· 23m 35s· 8 players
Game mode
Random Map
Map size
Large (8 player)
Population
200
Speed
Normal
Resources
Standard
Victory
Conquest
Starting age
Dark Age
Ending age
Imperial Age
RankedLock teamsTeams togetherTeam positionsShared explorationLock speedFull tech treeHidden civsTurbo modeCheats
Victory
Defeat
🇿🇦 Magyars · South Africa
1006
+13
🇿🇦 Shu · South Africa
954
+15
🇦🇷 Khmer · Argentina
905
+17
🇿🇦 Slavs · South Africa
859
+18
🇳🇱 Saxons · Netherlands
954
-17
🇹🇼 Varangians · Taiwan
940
-16
🇧🇷 Bohemians · Brazil
910
-15
🇹🇼 Danes · Taiwan
901
-39
GL.DuaT
9:45 Feudal Age
12:24 Double-Bit Axe
12:25 Horse Collar
12:43 Fletching
14:48 Loom
22:03 Gold Mining
24:45 Castle Age
Blyad _Mann
0:28 Loom
9:42 Feudal Age
10:49 Double-Bit Axe
17:30 Castle Age
16:54 Horse Collar
17:25 Gold Mining
18:33 Bow Saw
20:49 Elite Skirmisher
21:32 Squires
21:17 Arson
22:48 Fletching
carlosauberto
0:30 Loom
9:57 Feudal Age
11:36 Wheelbarrow
10:52 Double-Bit Axe
11:35 Horse Collar
11:49 Arson
GL.Herq
0:39 Loom
10:47 Feudal Age
10:17 Loom
11:47 Man-at-Arms
18:22 Arson
Luce
10:20 Feudal Age
16:12 Castle Age
14:16 Double-Bit Axe
14:46 Horse Collar
15:53 Stone Mining
15:54 Gold Mining
23:11 Heavy Plow
Dobby is FREE
5:44 Loom
10:53 Feudal Age
13:11 Double-Bit Axe
15:48 Man-at-Arms
19:15 Forging
20:48 Man-at-Arms
21:32 Scale Mail Armor
25:32 Castle Age
Demulon
0:33 Loom
9:00 Feudal Age
9:44 Double-Bit Axe
17:01 Bloodlines
19:00 Scale Barding Armor
22:01 Horse Collar
Exile
0:35 Loom
9:39 Feudal Age
12:31 Fletching
21:03 Gold Mining
23:44 Castle Age
23:52 Padded Archer Armor
Connection lost

Rejoining the realm…

Still unreachable

The connection could not be restored.

Session expired

The server has moved on; the page needs a fresh start.